 Dungeon Crawl Stone Soup version 0.30-a0-556-g0a0f5a245f (webtiles) character file.

Game seed: 4310898701963270394

137 Bnni the Vexing (level 5, -8/38 HPs)
             Began as a Formicid Hexslinger on Dec 27, 2022.
             Killed from afar by Natasha (9 damage)
             ... with a magic dart
             ... on level 2 of the Dungeon.
             The game lasted 00:02:16 (1610 turns).

Bnni the Vexing (Formicid Hexslinger)               Turns: 1610, Time: 00:02:16

Health: -8/38      AC:  2    Str: 15    XL:     5   Next: 43%
Magic:  8/8        EV: 12    Int: 14    God:
Gold:   31         SH:  0    Dex: 14    Spells: 4/8 levels left

rFire   . . .      SeeInvis +    a - +1 sling
rCold   . . .      Faith    .    (no shield)
rNeg    . . .      Spirit   .    c - +0 robe
rPois   .          Reflect  .    (helmet unavailable)
rElec   .          Harm     .    (no cloak)
rCorr   .          Rampage  .    (no gloves)
Will    .....                    (no boots)
Stlth   +                        i - amulet of regeneration
HPRegen 1.06/turn                (no ring)
MPRegen 0.11/turn                (no ring)

@: no status effects
A: permanent stasis, dig shafts and tunnels, antennae 3, four strong arms
a: Dig, Shaft Self


You were on level 2 of the Dungeon.
You visited 1 branch of the dungeon, and saw 2 of its levels.

You collected 31 gold pieces.

Inventory:

Hand Weapons
 a - a +1 sling (weapon)
Armour
 c - a +0 robe (worn)
Jewellery
 i - an amulet of regeneration (around neck)
Wands
 n - a wand of paralysis (5)
Scrolls
 b - 3 scrolls of poison
 h - a scroll of teleportation {unknown}
 j - a scroll of magic mapping {unknown}
 k - a scroll of identify {unknown}
Potions
 d - a potion of mutation {unknown}
 e - a potion of heal wounds
 f - a potion of might {unknown}
 g - a potion of degeneration {unknown}
 l - a potion of lignification {unknown}
 m - a potion of resistance {unknown}


   Skills:
 + Level 2.1 Fighting
 * Level 3.2 Ranged Weapons
 - Level 1.7 Dodging
 + Level 2.0 Spellcasting
 * Level 4.9 Hexes
 + Level 1.3 Fire Magic


You had 4 spell levels left.
You knew the following spells:

 Your Spells              Type           Power      Damage    Failure   Level
a - Slow                  Hex            60%        N/A       3%          1
b - Inner Flame           Hex/Fire       10%        N/A       21%         3

Your spell library contained the following spells:

 Spells                   Type           Power      Damage    Failure   Level
 Portal Projectile        Hex/Tloc       16%        N/A       26%         3
 Cause Fear               Hex            7%         N/A       30%         4


Dungeon Overview and Level Annotations

Branches:
Dungeon (2/15)

Altars:

Annotations:
D:2 Natasha


Innate Abilities, Weirdness & Mutations

You cannot be hasted, slowed, berserked, paralysed or teleported.
You can dig through walls and to a lower floor.
You have a pair of large antennae on your head. (SInv)
Your four strong arms can wield two-handed weapons with a shield.


Message History

Natasha is severely wounded.
The white imp hits you. The white imp freezes you.
The white imp gestures at you. The puff of frost misses you.
Natasha closely misses you.
You shoot a sling bullet. The sling bullet hits Natasha.
Natasha is almost dead.
The white imp closely misses you. The white imp gestures at you.
The puff of frost hits you. Natasha barely misses you. The white imp hits you.
The white imp freezes you.
You shoot a sling bullet. The sling bullet barely misses Natasha.
Natasha barely misses you. The white imp gestures at you.
The puff of frost misses you.
You shoot a sling bullet. The sling bullet misses Natasha.
The white imp barely misses you.
Natasha howls an incantation.
Natasha's front paws start to glow.
Natasha completely misses you. The white imp hits you.
The white imp freezes you. The white imp gestures at you.
The puff of frost misses you.
Natasha stares at you and mumbles some strange words.
Your stasis prevents you from being slowed.
You are too injured to fight recklessly!
You are too injured to fight recklessly!
You shoot a sling bullet. The sling bullet barely misses Natasha.
The white imp hits you. The white imp freezes you.
The white imp gestures at you. The puff of frost misses you. Natasha claws you!
* * * LOW HITPOINT WARNING * * *
You shoot a sling bullet. The sling bullet misses Natasha.
The white imp hits you.
* * * LOW HITPOINT WARNING * * *
The white imp freezes you.
* * * LOW HITPOINT WARNING * * *
The white imp barely misses you. Natasha casts a spell at you.
The magic dart hits you!
You die...

######### #.......#
#.#####.# ## #.# #.#
######.###### #.#
###.###.....5......
#.###.†.....##.@5..#.#
#.......#######h...#
###>..### ##.#.#
#.###.# .# # #.# #.#
.# #.###.# '# ##...##
.. ##.### .. #.#.##


You could see Natasha and 2 white imps.

Vanquished Creatures
  Jessica (D:2)
  Natasha (D:2)
  4 adders (D:2)
  A worm (D:2)
  8 bats
  2 endoplasms
  A giant cockroach (D:1)
  7 hobgoblins
  4 jackals (D:1)
  5 ball pythons
  A frilled lizard (D:1)
  7 goblins
  4 kobolds
46 creatures vanquished.

Notes
Turn   | Place    | Note
-------+----------+-------------------------------------------
     0 | D:1      | Bnni the Formicid Hexslinger began the quest for the Orb.
     0 | D:1      | Reached XP level 1. HP: 15/15 MP: 2/2
    47 | D:1      | Reached XP level 2. HP: 20/21 MP: 3/3
   138 | D:1      | Reached skill level 4 in Hexes
   514 | D:1      | Reached XP level 3. HP: 26/26 MP: 4/4
   518 | D:1      | Learned a level 3 spell: Inner Flame
   982 | D:2      | Noticed Jessica
   988 | D:2      | Killed Jessica
   989 | D:2      | Reached XP level 4. HP: 32/33 MP: 6/6
   999 | D:2      | Reached skill level 1 in Fire Magic
  1120 | D:2      | HP: 1/33 [poisoned by an adder]
  1151 | D:2      | Identified the +1 leather armour "Ciuw" {Str+2}
  1296 | D:2      | Noticed Natasha
  1312 | D:2      | Killed Natasha
  1313 | D:2      | Reached XP level 5. HP: 16/38 MP: 7/7
  1590 | D:2      | Noticed Natasha
  1610 | D:2      | HP: 1/38 [white imp[Natasha] (4)]
  1610 | D:2      | Killed from afar by Natasha

Illustrated notes

Levels and vault maps discovered:
D:1:      psy_arrival_basics, layout_basic, minmay_statues_item
D:2:      layout_loops_corners, uniq_natasha, uniq_jessica

Skill      XL: |  1  2  3  4  5 |
---------------+----------------+-----
Hexes          | 4 |  4.9
Fire Magic     | 1 |  1.3
Fighting       | 2 |  2.1
Ranged Weapons | 3 |  3.2
Spellcasting   | 2 |  2.0
Dodging        | |  1.7

Action                   |  1- 3 |  4- 6 || total
-------------------------+-------+-------++-------
 Fire: Sling             |    86 |   103 ||   189
 Cast: Slow              |     1 |    10 ||    11
 Abil: Dig               |     1 |       ||     1
  Use: Potion            |       |     1 ||     1
Armor: Robe              |    14 |    14 ||    28
Dodge: Dodged            |    47 |    66 ||   113

Table legend: (Time is in decaauts)
 A = Elapsed time spent in this place.
 B = Non-inter-level travel time spent in this place.
 C = Inter-level travel time spent in this place.
 D = Time resting spent in this place.
 E = Time spent auto-exploring this place.
 F = Levels seen in this place.
 G = Mean time per level.
                   A        B        C        D        E       F      G
               +--------+--------+--------+--------+--------+-----+--------+
         Total |   1659 |   1651 |      8 |    127 |   1171 |   2 |  829.5 |
       Dungeon |   1659 |   1651 |      8 |    127 |   1171 |   2 |  829.5 |
               +--------+--------+--------+--------+--------+-----+--------+

Top non-repeatable levels by time:
     D:1: 1003 daAuts
     D:2: 655 daAuts
